Map: World of Sleepers LE

Players

prospeKt - Winner!

  • Race: Protoss Protoss
  • Spawn Location: 7:00

VOD

Have the link to the VOD?

Description

Time

  • Played on: Dec. 12, 2019, 11:43 a.m.
  • Length: 15:31
Show
View Real Time Build Order
Export as new Build Order

prospeKt Protoss - Winner!

Build Orders:  

Get SALT Encoding   

  12  0:05  Probe (Chrono Boost)  
  13  0:23  Probe (Chrono Boost)  
  13  0:29  Pylon  
  15  0:40  Probe (Chrono Boost)  
  15  0:57  Probe (Chrono Boost), Gateway  
  16  1:14  Probe (Chrono Boost)  
  17  1:26  Assimilator  
  18  1:31  Probe (Chrono Boost)  
  18  1:48  Probe (Chrono Boost)  
  19  2:00  Nexus  
  19  2:06  Probe (Chrono Boost)  
  20  2:12  Cybernetics Core  
  20  2:23  Probe (Chrono Boost)  
  21  2:35  Pylon  
  22  2:40  Probe (Chrono Boost)  
  22  2:41  Assimilator  
  22  2:57  Probe (Chrono Boost)  
  23  3:03  Stalker  
  25  3:15  Probe (Chrono Boost)  
  27  3:32  Probe (Chrono Boost)  
  27  3:44  Stalker, Probe (Chrono Boost)  
  27  3:49  Probe (Chrono Boost)  
  32  4:01  Probe (Chrono Boost)  
  32  4:06  Probe (Chrono Boost)  
  33  4:18  Probe (Chrono Boost)  
  34  4:22  Pylon  
  34  4:23  Probe (Chrono Boost)  
  34  4:26  Stalker  
  37  4:35  Probe (Chrono Boost)  
  39  4:40  Assimilator, Probe (Chrono Boost)  
  39  4:43  Assimilator  
  39  4:52  Probe (Chrono Boost)  
  39  4:57  Probe (Chrono Boost)  
  41  5:08  Stalker  
  41  5:09  Probe (Chrono Boost)  
  44  5:13  Probe (Chrono Boost)  
  44  5:15  Warp Gate  
  45  5:26  Probe (Chrono Boost)  
  47  5:30  Probe (Chrono Boost)  
  47  5:34  Nexus  
  47  5:42  Pylon  
  47  5:43  Probe (Chrono Boost)  
  47  5:47  Probe (Chrono Boost)  
  49  5:50  Stalker  
  49  5:53  Forge  
  49  5:58  Robotics Facility  
  52  6:00  Probe (Chrono Boost)  
  52  6:04  Probe (Chrono Boost)  
  53  6:17  Probe (Chrono Boost)  
  55  6:21  Probe (Chrono Boost)  
  55  6:34  Probe (Chrono Boost)  
  55  6:38  Probe (Chrono Boost)  
  57  6:40  Gateway  
  57  6:42  Gateway x2  
  57  6:45  Gateway  
  58  6:51  Probe (Chrono Boost)  
  58  6:55  Probe (Chrono Boost)  
  59  7:06  Protoss Ground Weapons Level 1  
  59  7:08  Stalker, Probe (Chrono Boost)  
  62  7:16  Probe (Chrono Boost)  
  62  7:17  Pylon  
  63  7:20  Pylon  
  63  7:22  Pylon  
  63  7:28  Probe x2 (Chrono Boost)  
  65  7:33  Probe (Chrono Boost)  
  66  7:45  Probe x2 (Chrono Boost)  
  69  7:50  Probe (Chrono Boost)  
  69  7:53  Immortal  
  69  7:59  Stalker  
  77  8:02  Probe x2 (Chrono Boost)  
  77  8:03  Stalker  
  77  8:04  Stalker x3  
  86  8:11  Probe (Chrono Boost)  
  86  8:19  Probe x2 (Chrono Boost)  
  88  8:28  Assimilator x2, Probe (Chrono Boost)  
  89  8:36  Probe x2 (Chrono Boost)  
  89  8:37  Stalker x2  
  89  8:38  Stalker x2  
  99  9:04  Probe (Chrono Boost)  
  99  9:05  Probe (Chrono Boost)  
  101  9:15  Nexus  
  101  9:27  Pylon  
  101  9:30  Pylon  
  101  9:37  Pylon  
  101  9:39  Pylon  
  101  9:42  Immortal  
  101  9:45  Pylon  
  101  9:49  Probe (Chrono Boost)  
  101  9:54  Probe x2 (Chrono Boost)  
  108  10:02  Probe (Chrono Boost)  
  108  10:07  Stalker  
  112  10:10  Stalker x2  
  112  10:11  Stalker x2, Probe (Chrono Boost)  
  112  10:18  Probe (Chrono Boost)  
  112  10:19  Probe (Chrono Boost)  
  122  10:23  Protoss Ground Armor Level 1  
  122  10:32  Gateway x2  
  122  10:36  Gateway  
  122  10:37  Gateway  
  122  10:43  Gateway  
  122  10:44  Gateway  
  122  10:46  Immortal  
  122  10:47  Gateway  
  122  10:49  Stalker  
  128  10:50  Stalker  
  128  10:51  Gateway  
  130  11:09  Probe x2 (Chrono Boost)  
  133  11:10  Probe (Chrono Boost)  
  133  11:19  Probe (Chrono Boost)  
  134  11:26  Probe x2 (Chrono Boost)  
  134  11:27  Probe (Chrono Boost)  
  137  11:33  Stalker  
  137  11:34  Stalker x4  
  137  11:36  Probe (Chrono Boost)  
  148  11:46  Pylon x2, Assimilator  
  148  11:48  Pylon  
  148  11:51  Pylon  
  148  11:53  Pylon x2  
  148  12:10  Stalker x4  
  148  12:11  Stalker x2  
  148  12:13  Stalker  
  148  12:14  Nexus  
  162  12:46  Pylon  
  162  12:47  Nexus  
  162  12:49  Stalker, Pylon  
  164  12:50  Stalker x4, Pylon  
  164  12:56  Immortal  
  176  13:08  Stalker x2  
  176  13:09  Stalker x2  
  184  13:16  Stalker x2  
  184  13:18  Stalker  
  190  13:34  Stalker  
  190  13:35  Stalker x4  
  198  14:16  Probe (Chrono Boost)  
  198  14:17  Probe (Chrono Boost)  
  200  14:30  Twilight Council  
  200  14:50  Assimilator  
  200  14:55  Assimilator  
Tags
 
Add a new tag
Caveats
  • Supply blocks, unpowered buildings, or Contaminate may cause inaccurate times.
  • Supply counts are checked every 10 seconds.